 Seeded DCSS version 0.28.0-56-g4927b6849a (webtiles) character file.

Game seed: 13591998346360536447 (custom seed)

278724 tkbsonic5 the Warrior (level 21, -12/162 HPs)
             Began as a Formicid Fighter on Feb 5, 2023.
             Was an Elder of Hepliaklqana.
             Mangled by a rockslime (34 damage)
             ... created by the Royal Jelly
             ... on level 5 of the Pits of Slime.
             The game lasted 03:21:51 (47721 turns).

tkbsonic5 the Warrior (Formicid Fighter)           Turns: 47721, Time: 03:21:52

Health: -12/162    AC: 15    Str: 36    XL:     21   Next: 29%
Magic:  34/34      EV:  8    Int: 15    God:    Hepliaklqana [****..]
Gold:   1527       SH: 19    Dex:  8    Spells: 22/22 levels left

rFire   . . .      SeeInvis +   i - +8 shortbow "Orb Guardian's Regret" {freeze, rN++ Will+ Dex-4}
rCold   . . .      Faith    .   b - +2 kite shield
rNeg    + + .      Spirit   .   e - +8 orange crystal plate armour {Archmagi, Int+3 Clar}
rPois   +          Reflect  +   (helmet unavailable)
rElec   .          Harm     .   L - +1 cloak {rCorr}
rCorr   +          Rampage  .   w - +2 pair of gloves {hurl}
Will    +++..      Archmagi +   k - -3 pair of boots of Ceosacytz {Slay+3}
Stlth   .......... Clarity  +   y - amulet of reflection
HPRegen 0.37/turn               x - +6 ring of strength
MPRegen 0.24/turn               X - +6 ring of strength

@: corroded, studying Long Blades
A: reduced essence, permanent stasis, dig shafts and tunnels, antennae 3, four
strong arms, poison resistance, weak 1, MP-powered wands
}: 2/15 runes: decaying, gossamer
a: Dig, Shaft Self, Renounce Religion, Recall Ancestor, Ancestor Identity,
Transference, Idealise


You were on level 5 of the Pits of Slime.
You worshipped Hepliaklqana.
Hepliaklqana was greatly pleased with you.
You visited 7 branches of the dungeon, and saw 38 of its levels.
You also visited: Ice Cave and Volcano.

You collected 3617 gold pieces.
You spent 2090 gold pieces at shops.

Inventory:

Hand Weapons
 d - a +6 lajatang of speed {Cinder}
 i - the +8 shortbow "Orb Guardian's Regret" (weapon) {freeze, rN++ Will+ Dex-4}
   (You found it on level 4 of the Swamp)

   Any ammunition fired from it freezes those it strikes, dealing additional
   cold damage.
   It can also slow down cold-blooded creatures.
   Dex:       It affects your dexterity (-4).
   rN:        It greatly protects you from negative energy.
   Will:      It increases your willpower.
 j - a +5 spectral quarterstaff
 s - a +7 war axe of freezing
 t - the +8 quarterstaff of Conformity {flame, Dex+4}
   (You acquired it on level 4 of the Dungeon)

   It burns those it strikes, dealing additional fire damage.
   Dex:       It affects your dexterity (+4).
 D - the +8 storm bow {elec, penet}
   (You found it on level 9 of the Dungeon)

   Any ammunition fired from it occasionally discharges a powerful burst of
   electricity upon striking a foe.
   Any ammunition fired by it passes through the targets it hits, potentially
   hitting all targets in its path until it reaches maximum range.
Missiles
 o - 791 arrows (quivered ammo)
 B - 5 atropa-tipped darts
 J - a throwing net
 Y - 2 curare-tipped darts
 Z - 9 silver javelins
Armour
 b - a +2 kite shield (worn)
 e - the +8 orange crystal plate armour (worn) {Archmagi, Int+3 Clar}
   (You acquired it on level 2 of the Dungeon)

   Int:       It affects your intelligence (+3).
   Clar:      It protects you against confusion.
 k - the -3 pair of boots of Ceosacytz (worn) {Slay+3}
   (You found it on level 4 of the Swamp)

   Slay:      It affects your accuracy & damage with ranged weapons and melee
   (+3).
 w - a +2 pair of gloves of hurling (worn)
 C - the +1 cloak of Starlight {*Dazzle EV+4 Stlth--}
   (You acquired it on level 9 of the Dungeon)

   It may blind those who miss an attack against the wearer in melee combat.
   EV:        It affects your evasion (+4).
   Stlth:     It makes you much less stealthy.
 L - a +1 cloak of preservation (worn)
 O - +0 gold dragon scales
 P - +3 storm dragon scales {Bai Suzhen}
Jewellery
 c - a ring of willpower
 m - a ring of protection from fire
 v - a ring of protection from fire
 x - a +6 ring of strength (left hand)
 y - an amulet of reflection (around neck)
 A - a +6 ring of dexterity
 E - a +4 ring of protection
 F - a ring of ice
 M - an amulet of faith
 N - a ring of willpower
 R - a ring of positive energy
 U - the ring of the Middle {rF+ Int+4 Dex+2}
   (You found it in an ice cave)

   [ring of protection from fire]

   Int:       It affects your intelligence (+4).
   Dex:       It affects your dexterity (+2).
   rF:        It protects you from fire.
 X - a +6 ring of strength (right hand)
Wands
 f - a wand of flame (18)
 h - a wand of iceblast (6)
 n - a wand of paralysis (13)
 q - a wand of charming (3)
 u - a wand of acid (15)
 z - a wand of digging (3)
 T - a wand of mindburst (9)
Scrolls
 g - a scroll of torment
 l - 16 scrolls of identify
 p - a scroll of immolation
 G - 4 scrolls of holy word
Potions
 a - a potion of curing
 r - 4 potions of flight
 H - 2 potions of cancellation
Miscellaneous
 Q - a box of beasts
 V - a tin of tremorstones (2/2)
 W - a phantom mirror (inert)


   Skills:
 + Level 19.6 Fighting
 - Level 6.5 Axes
 * Level 13.7 Staves
 - Level 4.5(6.2) Slings
 * Level 12.5 Bows
 - Level 5.9(6.5) Throwing
 + Level 13.2 Armour
 + Level 8.2 Dodging
 + Level 14.3 Shields
 - Level 1.2 Spellcasting
 + Level 18.5 Invocations
 - Level 13.3 Evocations


You had 22 spell levels left.
You didn't know any spells.
Your spell library contained the following spells:

 Spells                   Type           Power      Damage    Failure   Level
 Animate Skeleton         Necr           2%         N/A       99%         1
 Apportation              Tloc           2%         N/A       99%         1
 Foxfire                  Conj/Fire      4%         2x1d4     99%         1
 Freeze                   Ice            4%         1d3       99%         1
 Pain                     Necr           4%         1d4       99%         1
 Corpse Rot               Necr/Air       2%         N/A       100%        2
 Ensorcelled Hibernation  Hex/Ice        2%         N/A       100%        2
 Static Discharge         Conj/Air       1%         N/A       100%        2
 Sublimation of Blood     Necr           1%         N/A       100%        2
 Wereblood                Tmut           1%         N/A       100%        2
 Confusing Touch          Hex            1%         N/A       100%        3
 Conjure Flame            Conj/Fire      1%         6-21      100%        3
 Dazzling Flash           Conj/Hex       2%         N/A       100%        3
 Inner Flame              Hex/Fire       1%         N/A       100%        3
 Ozocubu's Armour         Ice            1%         N/A       100%        3
 Portal Projectile        Hex/Tloc       2%         N/A       100%        3
 Stone Arrow              Conj/Erth      2%         3d7       100%        3
 Tukima's Dance           Hex            1%         N/A       100%        3
 Vampiric Draining        Necr           1%         2d6       100%        3
 Animate Armour           Summ/Erth      2%         N/A       100%        4
 Dispel Undead            Necr           1%         3d6       100%        4
 Flame Wave               Conj/Fire      1%         2d4       100%        4
 Iskenderun's Mystic Bla  Conj/Tloc      1%         2d3       100%        4
 Leda's Liquefaction      Hex/Erth       0%         N/A       100%        4
 Passage of Golubria      Tloc           1%         N/A       100%        4
 Petrify                  Tmut/Erth      1%         N/A       100%        4
 Sticky Flame             Conj/Fire      1%         2d3       100%        4
 Agony                    Necr           1%         N/A       100%        5
 Alistair's Intoxication  Tmut/Pois      0%         N/A       100%        5
 Blade Hands              Tmut           0%         N/A       100%        5
 Borgnjor's Vile Clutch   Necr/Erth      0%         N/A       100%        5
 Excruciating Wounds      Necr           0%         N/A       100%        5
 Irradiate                Conj/Tmut      0%         3d14      100%        5
 Lee's Rapid Deconstruct  Erth           0%         3d5*      100%        5
 Silence                  Hex/Air        0%         N/A       100%        5
 Yara's Violent Unravell  Hex/Tmut       0%         3d3       100%        5
 Death Channel            Necr           0%         N/A       100%        6
 Eringya's Noxious Bog    Tmut/Pois      0%         N/A       100%        6
 Starburst                Conj/Fire      0%         6d3       100%        6
 Statue Form              Tmut/Erth      0%         N/A       100%        6
 Dragon Form              Tmut           0%         N/A       100%        7
 Enfeeble                 Hex            0%         N/A       100%        7
 Haunt                    Necr/Summ      0%         N/A       100%        7
 Ozocubu's Refrigeration  Ice            0%         4d5       100%        7
 Summon Hydra             Summ           0%         N/A       100%        7
 Infestation              Necr           0%         N/A       100%        8
 Lehudib's Crystal Spear  Conj/Erth      0%         10d2      100%        8


Dungeon Overview and Level Annotations

Branches:
Dungeon (15/15)            Temple (0/1) D:6            Lair (6/6) D:8
  Swamp (4/4) Lair:4       Spider (4/4) Lair:4        Slime (5/5) Lair:6
    Orc (2/2) D:10            Elf (2/3) Orc:2        Vaults (0/5) D:13
 Depths (0/4) D:15          IceCv (visited)         Volcano (visited)

Altars:
Elyvilon
Gozag
Hepliaklqana
Nemelex Xobeh
Okawaru
Qazlal
Sif Muna
Trog
Wu Jian
The Shining One
Beogh
Jiyva

Shops:
D:8 *   D:11 *   Orc:1 *   Orc:2 [[[:   Elf:1 ?*[

Annotations:
D:3 2 transporters, FrogKing's ghost, amateur DjFE
Lair:6 1 runed translucent door
Swamp:2 3 runed translucent doors, tkbsonic5's ghost, adept DjWr
Slime:5 Royal Jelly


Innate Abilities, Weirdness & Mutations

Your life essence is reduced to manifest your ancestor. (-10% HP)
You cannot be hasted, slowed, berserked, paralysed or teleported.
You can dig through walls and to a lower floor.
You have a pair of large antennae on your head. (SInv)
Your four strong arms can wield two-handed weapons with a shield.
Your system is resistant to poisons. (rPois)
You are weak. (Str -2)
You expend magic power (3 MP) to strengthen your wands.


Message History

The acid blob spits acid at you.
The splash of acid hits you but does no damage.
The acid blob spits acid at you.
The splash of acid hits you but does no damage.
You resist. The acid corrodes you! The acid blob spits acid at you.
The splash of acid reflects off an invisible shield around you!
The splash of acid hits the rockslime but does no damage.
The acid blob spits acid at you. The splash of acid hits you! You resist.
The rockslime hits you!!
* * * LOW HITPOINT WARNING * * *
You stumble backwards!
You feel better.
The acid blob jiggles.
The rockslime hits you but does no damage.
You block the quicksilver ooze's attack. x2
The acid blob jiggles.
The quicksilver ooze hits you!
* * * LOW HITPOINT WARNING * * *
The quicksilver ooze engulfs you!
The quicksilver ooze hits you but does no damage.
The rockslime barely misses you.
You cannot read scrolls while unable to breathe!
Okay, then.
You slip free of the ooze engulfing you.
You gasp with relief as air once again reaches your lungs.
The acid blob spits acid at you. The splash of acid misses you.
The quicksilver ooze hits you.
* * * LOW HITPOINT WARNING * * *
The quicksilver ooze engulfs you!
You block the quicksilver ooze's attack.
Okay, then.
You slip free of the ooze engulfing you.
You gasp with relief as air once again reaches your lungs.
The acid blob spits acid at you. The splash of acid hits you! You resist.
* * * LOW HITPOINT WARNING * * *
The acid corrodes you! The rockslime hits you!!
You die...

.......................####
..........................#
.........................####
..........................#.#
............................##
.............................####
................................#
................................#
................@JJ..............
.................J...............
.................J.J............#
......###..###.#....J............
.....## ##.######................
....###$##..##(###...J...........
...###?(|##.#[?$###..............
..###$|/##..##!|)##..............
.###[)}}$#.##)[!|)##.............


You could see the Royal Jelly, 4 acid blobs, a rockslime and a quicksilver ooze.

Vanquished Creatures
  Dissolution (Slime:2)
  A golden dragon (IceCv)
  Nikola (Swamp:4)
  A deep elf blademaster (Elf:2)
  22 acid blobs
  17 rockslimes
  4 azure jellies
  An emperor scorpion (Spider:2)
  2 ghost moths
  2 orc warlords (Orc:2)
  An ironbound preserver (D:13)
  Aizul (Swamp:3)
  A stone giant (D:15)
  9 quicksilver oozes
  A broodmother (Spider:4)
  3 eleionomae
  A deep elf annihilator (Elf:2)
  An entropy weaver (Spider:4)
  3 spark wasps (Spider:4)
  2 bunyips
  A great orb of eyes (Slime:5)
  A rakshasa (D:14)
  A death knight (D:15)
  7 boulder beetles
  2 ice dragons
  11 hydras
  6 centaur warriors
  3 alligators
  A death scarab (Spider:3)
  9 two-headed ogres
  A tengu warrior (D:15)
  4 death yaks (Lair:6)
  19 dancing weapons
  A vampire mage (Swamp:3)
  4 orc high priests
  A fire crab (Lair:6)
  8 deep elf knights
  2 pharaoh ants
  A skeletal warrior (D:13)
  2 goliath frogs
  4 swamp dragons
  An orange crystal statue (IceCv)
  3 orb spiders (Spider:4)
  2 bog bodies
  A wizard (D:14)
  3 orc knights
  6 deep elf archers
  19 deep elf pyromancers
  15 deep elf zephyrmancers
  5 wolf spiders
  4 orc sorcerers (Orc:2)
  6 will-o-the-wisps
  A cyclops (shapeshifter) (Elf:2)
  3 cyclopes
  18 elephants
  6 black mambas
  3 shining eyes
  3 ugly things (D:14)
  A moth of wrath (Spider:2)
  2 molten gargoyles (Volcano)
  8 torpor snails
  An eye of devastation (Slime:2)
  3 gargoyles
  2 storm dragon simulacra (IceCv)
  Maggie (Lair:2)
  2 unseen horrors (D:13)
  9 cane toads
  7 demonic crawlers
  A yaktaur (D:12)
  5 komodo dragons
  3 freezing wraiths
  A golden dragon simulacrum (IceCv)
  3 rime drakes
  A polar bear (Lair:4)
  A queen bee (shapeshifter) (D:11)
  8 trolls
  A bloated husk (Swamp:3)
  14 hornets
  9 tarantellas
  5 meliai
  4 tyrant leeches
  5 blink frogs
  59 slime creatures
  A centaur simulacrum (D:14)
  3 spriggans
  Sigmund (D:5)
  2 shadows
  10 culicivoras
  11 jumping spiders
  4 wyverns
  2 water elementals
  6 wraiths
  33 yaks
  3 fire elementals
  A basilisk (D:8)
  2 steam dragons
  A hog (D:13)
  20 redbacks
  15 vampire mosquitoes
  2 swamp worm simulacra (Swamp:4)
  Menkaure (D:5)
  16 swamp worms
  Edmund (D:5)
  A warg (Orc:1)
  15 water moccasins
  An acid dragon (shapeshifter) (D:13)
  10 hydra simulacra (Swamp:4)
  3 hell hounds (Elf:2)
  An ice dragon simulacrum (IceCv)
  10 ogres
  30 orc warriors
  3 ice beasts
  2 sky beasts
  17 centaurs
  A tengu (shapeshifter) (D:9)
  A kobold brigand (D:10)
  9 bullfrogs
  A wyvern zombie (D:7)
  2 gnoll sergeants
  3 scorpions
  A water moccasin zombie (D:5)
  A hornet simulacrum (D:14)
  8 killer bees
  2 lindwurm simulacra (IceCv)
  6 wights
  3 vampire bats (D:13)
  2 howler monkeys
  6 electric eels
  A bullfrog zombie (D:5)
  A centaur zombie (D:6)
  2 hounds
  23 orc priests
  4 bullfrog skeletons
  A gnoll shaman (D:7)
  3 jellies
  12 iguanas
  Ijyb (D:5)
  Natasha (thrice) (D:2)
  9 orc wizards
  5 hell rats
  3 hound skeletons
  2 howler monkey zombies
  12 gnolls
  7 adders
  2 river rats (D:13)
  A howler monkey skeleton (D:6)
  A white imp (D:5)
  2 ufetubi
  6 swamp drake simulacra (Swamp:4)
  2 adder skeletons (D:4)
  3 worms
  6 dart slugs
  55 orcs
  6 bats
  8 endoplasms
  7 giant cockroaches
  10 hobgoblins
  5 jackals
  12 kobolds
  3 quokkas
  5 ball pythons
  A frilled lizard (D:2)
  4 goblins
  14 rats
  A spectral hobgoblin (D:4)
936 creatures vanquished.

Vanquished Creatures (collateral kills)
  Bai Suzhen (Swamp:4)
  15 acid blobs
  The ghost of cbfl8 the Executioner, an adept MiBe of Trog (Swamp:4)
  Kirke (D:13)
  A thorn hunter (Swamp:3)
  A fenstrider witch (Swamp:4)
  11 azure jellies
  Louise (Swamp:2)
  11 rockslimes
  2 emperor scorpions
  2 ghost moths
  A broodmother (Spider:2)
  7 quicksilver oozes
  A deep elf demonologist (Elf:1)
  Azrael (Elf:2)
  An eleionoma (Lair:4)
  2 bunyips (Swamp:2)
  A fire dragon (Lair:6)
  4 ice dragons
  2 boulder beetles
  5 great orbs of eyes
  An ogre mage (Orc:2)
  A ghost crab (Swamp:2)
  4 hydras
  3 centaur warriors
  8 dancing weapons
  3 death knights
  An alligator (Swamp:2)
  A radroach (Spider:1)
  A tengu warrior (D:15)
  An orc high priest (Orc:2)
  A death yak (Lair:6)
  Urug (D:13)
  4 deep elf knights
  2 sun moths (Spider:4)
  A pharaoh ant (Spider:2)
  2 steelbarb worms
  A goliath frog (Swamp:1)
  A spriggan druid (Swamp:2)
  A wizard (D:14)
  3 swamp dragons
  2 phantasmal warriors (D:15)
  An orc knight (Orc:2)
  A lindwurm (shapeshifter) (Elf:2)
  4 deep elf zephyrmancers
  A lindwurm (Lair:6)
  3 deep elf archers
  A shining eye (Slime:5)
  4 ugly things (D:14)
  8 deep elf pyromancers
  5 wolf spiders
  2 moths of wrath
  A cyclops (D:13)
  A centaur zombie (D:11)
  An eye of devastation (Slime:5)
  2 black mambas
  4 cane toads
  7 elephants
  7 storm dragon simulacra (IceCv)
  A gargoyle (D:11)
  An efreet (D:13)
  2 rime drakes (Lair:6)
  3 demonic crawlers
  4 freezing wraiths
  2 komodo dragons
  A yaktaur (D:14)
  2 golden dragon simulacra (IceCv)
  8 tyrant leeches
  A bloated husk (Swamp:2)
  2 hornets (Spider:4)
  7 meliai
  15 tarantellas
  6 blink frogs
  32 slime creatures
  A centaur simulacrum (D:14)
  12 jumping spiders
  17 yaks
  6 culicivoras
  A wraith (D:13)
  A wyvern (Lair:4)
  8 vampire mosquitoes
  2 basilisks
  A steam dragon (D:8)
  18 redbacks
  3 swamp worms
  2 wargs (Orc:2)
  4 hydra simulacra (Swamp:4)
  3 water moccasins
  A swamp drake (Lair:6)
  13 orc warriors
  An ice dragon simulacrum (IceCv)
  2 black bears (D:6)
  A sky beast (D:6)
  5 ogres
  A centaur (D:9)
  A gnoll sergeant (D:9)
  A bullfrog (Lair:3)
  3 scorpions
  4 killer bees
  3 lindwurm simulacra (IceCv)
  A vampire bat (D:13)
  A howler monkey (D:9)
  2 wights
  An electric eel (Spider:3)
  2 orc priests (Orc:2)
  A gnoll shaman (D:6)
  3 iguanas (Lair:6)
  4 hell rats
  A killer bee zombie (D:7)
  6 gnolls
  An adder (D:13)
  2 river rats (D:13)
  19 orcs
  2 kobolds (D:10)
  2 ball pythons (D:13)
  3 bats (D:13)
  A rat (D:13)
422 creatures vanquished.

Vanquished Creatures (others)
  An ice dragon (IceCv)
  An alligator (Swamp:1)
  A deep elf knight (Elf:2)
  A goliath frog (Swamp:2)
  A deep elf pyromancer (Elf:2)
  A manticore (D:14)
  A storm dragon simulacrum (IceCv)
  A tyrant leech (Swamp:4)
  A bloated husk (Swamp:4)
  3 humans (D:13)
  An ice dragon simulacrum (IceCv)
  43 battlemagi
  An iguana (D:5)
  An orc wizard (D:5)
  An ancestor (D:9)
  An orc (D:5)
  A giant cockroach (D:13)
  A bush (Lair:6)
  16 foxfires
  43 fungi
  49 plants
170 creatures vanquished.

Grand Total: 1528 creatures vanquished

Notes
Turn   | Place    | Note
-------+----------+-------------------------------------------
     0 | D:1      | tkbsonic5 the Formicid Fighter began the quest for the Orb.
     0 | D:1      | Reached XP level 1. HP: 18/18 MP: 1/1
   173 | D:1      | Reached XP level 2. HP: 24/24 MP: 2/2
   343 | D:1      | Reached XP level 3. HP: 22/29 MP: 3/3
   850 | D:2      | Identified 2 scrolls of acquirement
   851 | D:2      | Acquired a manual of Fighting
   853 | D:2      | Acquired the +8 orange crystal plate armour {Archmagi,
                  | Int+3 Clar}
   853 | D:2      | Found the +8 orange crystal plate armour {Archmagi, Int+3
                  | Clar}
  1226 | D:2      | Reached XP level 4. HP: 33/37 MP: 4/4
  1413 | D:2      | Found a faded altar of an unknown god.
  1421 | D:2      | Noticed Natasha
  1427 | D:2      | Killed Natasha
  1427 | D:2      | Noticed Natasha
  1428 | D:2      | Reached skill level 4 in Fighting
  1451 | D:2      | Killed Natasha
  1452 | D:2      | Reached XP level 5. HP: 35/42 MP: 5/5
  1691 | D:2      | Noticed Natasha
  1696 | D:2      | Acquired a +2 lajatang of speed
  1706 | D:2      | Killed Natasha
  1873 | D:3      | Found a glowing golden altar of the Shining One.
  2016 | D:3      | Found a transporter.
  2018 | D:3      | Noticed FrogKing's ghost (amateur DjFE)
  2062 | D:3      | Found a transporter.
  2277 | D:3      | Identified the +1 whip of Eternal Harmony {flame, rElec
                  | Int+2}
  2499 | D:4      | Reached skill level 5 in Fighting
  2499 | D:4      | Reached XP level 6. HP: 43/51 MP: 6/6
  2608 | D:4      | Found a hazy altar of Hepliaklqana.
  2619 | D:4      | Became a worshipper of Hepliaklqana the Forgotten
  2822 | D:4      | Acquired the +8 quarterstaff of Conformity {flame, Dex+4}
  2989 | D:5      | Entered Level 5 of the Dungeon
  3017 | D:5      | Found a shimmering blue altar of Sif Muna.
  3037 | D:5      | Noticed an ice beast
  3041 | D:5      | Killed an ice beast
  3042 | D:5      | Reached skill level 6 in Fighting
  3042 | D:5      | Reached skill level 5 in Shields
  3042 | D:5      | Reached XP level 7. HP: 59/59 MP: 7/7
  3090 | D:5      | Reached skill level 7 in Fighting
  3090 | D:5      | Reached skill level 5 in Staves
  3150 | D:5      | Reached skill level 5 in Armour
  3158 | D:5      | Reached XP level 8. HP: 39/67 MP: 8/8
  3235 | D:5      | Reached skill level 8 in Fighting
  3324 | D:5      | Noticed Sigmund
  3333 | D:5      | Killed Sigmund
  3409 | D:5      | Found an iron altar of Okawaru.
  3442 | D:5      | Noticed Menkaure
  3448 | D:5      | Killed Menkaure
  3449 | D:5      | Reached skill level 9 in Fighting
  3667 | D:5      | Noticed Ijyb
  3679 | D:5      | Killed Ijyb
  3713 | D:5      | Reached skill level 1 in Invocations
  3713 | D:5      | Reached XP level 9. HP: 53/76 MP: 9/9
  3736 | D:5      | Reached skill level 1 in Slings
  3836 | D:5      | Noticed Edmund
  3851 | D:5      | Killed Edmund
  3852 | D:5      | Reached skill level 1 in Evocations
  4060 | D:5      | Found an opulent altar of Gozag.
  4067 | D:5      | Found a stormy altar of Qazlal.
  4513 | D:6      | You fall into a shaft and drop 3 floors!
  4721 | D:9      | Reached skill level 10 in Fighting
  4725 | D:9      | Reached * piety under Hepliaklqana
  4753 | D:9      | Noticed a troll
  4756 | D:9      | Noticed a hornet
  4761 | D:9      | Killed a troll
  4783 | D:9      | Reached skill level 5 in Invocations
  4795 | D:9      | Reached XP level 10. HP: 66/77 MP: 13/13
  4805 | D:9      | Reached skill level 11 in Fighting
  5024 | D:9      | Acquired a +0 pair of gloves of hurling
  5031 | D:9      | Acquired the +1 cloak of Starlight {*Dazzle EV+4 Stlth--}
  5031 | D:9      | Found the +1 cloak of Starlight {*Dazzle EV+4 Stlth--}
  5033 | D:9      | Acquired a +4 spectral quarterstaff
  5091 | D:9      | Found the +8 storm bow {elec, penet}
  5424 | D:10     | Entered Level 10 of the Dungeon
  5438 | D:10     | Noticed a seven-headed hydra
  5445 | D:10     | Killed a seven-headed hydra
  5446 | D:10     | Reached skill level 1 in Bows
  5453 | D:10     | Noticed a two-headed ogre
  5465 | D:10     | Killed a two-headed ogre
  5636 | D:10     | Reached skill level 12 in Fighting
  5636 | D:10     | Reached XP level 11. HP: 82/85 MP: 16/16
  5669 | D:10     | Found a staircase to the Orcish Mines.
  5716 | D:10     | Reached ** piety under Hepliaklqana
  5717 | D:10     | Remembered your ancestor Alice Coltrane as a battlemage
  6686 | D:11     | Noticed an eight-headed hydra
  6693 | D:11     | Killed an eight-headed hydra
  6791 | D:11     | Reached skill level 13 in Fighting
  6924 | D:11     | Noticed a two-headed ogre
  6935 | D:11     | Killed a two-headed ogre
  7267 | D:11     | Noticed a two-headed ogre
  7271 | D:11     | Killed a two-headed ogre
  7275 | D:11     | Reached XP level 12. HP: 94/94 MP: 18/18
  7310 | D:11     | Found Reiheab's General Store.
  7432 | D:8      | Reached skill level 5 in Evocations
  7480 | D:8      | Found Kiqy Okk's Assorted Antiques.
  7827 | D:8      | Reached skill level 14 in Fighting
  7850 | D:8      | Found a staircase to the Lair.
  7951 | D:8      | Reached skill level 1 in Dodging
  8129 | D:8      | Found a bloodstained altar of Trog.
  8339 | D:7      | Reached *** piety under Hepliaklqana
  8471 | D:7      | Found an ornate altar of the Wu Jian Council.
  9162 | D:6      | Found a staircase to the Ecumenical Temple.
 10100 | Lair:1   | Entered Level 1 of the Lair of Beasts
 10171 | Lair:1   | Found a dark tunnel.
 10256 | Volcano  | Entered a volcano
 10266 | Volcano  | Reached skill level 10 in Invocations
 10612 | Lair:1   | Got the Almanac of Evil Secrets
 11139 | Lair:2   | Reached skill level 5 in Bows
 11254 | D:11     | Bought a scroll of acquirement for 624 gold pieces
 11254 | D:11     | Acquired the +0 pair of boots of Absolutism {Will+ Int+4}
 11391 | Lair:2   | Noticed Maggie
 11394 | Lair:2   | Killed Maggie
 11467 | Lair:2   | Reached **** piety under Hepliaklqana
 11606 | Lair:2   | Reached XP level 13. HP: 102/102 MP: 20/20
 11625 | Lair:2   | Identified the +2 hand axe of Guotsole {venom, *Corrode rN+
                  | Int+2 Stlth+}
 12461 | Lair:3   | Reached skill level 15 in Fighting
 12461 | Lair:3   | Reached skill level 10 in Staves
 13528 | Lair:4   | Found a hole to the Spider Nest.
 13548 | Lair:4   | You fall into a shaft and drop 2 floors!
 13548 | Lair:6   | Entered Level 6 of the Lair of Beasts
 13880 | Lair:6   | Noticed a fire dragon
 13891 | Lair:6   | Killed a fire dragon
 14059 | Lair:6   | Noticed a four-headed hydra
 14066 | Lair:6   | Killed a four-headed hydra
 14067 | Lair:6   | Reached skill level 10 in Shields
 14067 | Lair:6   | Reached XP level 14. HP: 110/110 MP: 23/23
 14117 | Lair:6   | Reached ***** piety under Hepliaklqana
 14155 | Lair:6   | Found a runed translucent door.
 14546 | Lair:6   | Found a staircase to the Slime Pits.
 15949 | Lair:4   | Reached skill level 16 in Fighting
 15968 | Lair:4   | Reached XP level 15. HP: 44/117 MP: 25/25
 17072 | Lair:4   | Found a staircase to the Swamp.
 18885 | D:13     | Noticed Kirke
 18898 | D:13     | Killed Kirke
 18983 | D:13     | Found a gate to the Vaults.
 18983 | D:13     | Noticed an ironbound preserver
 18987 | D:13     | Reached skill level 1 in Throwing
 18996 | D:13     | Killed an ironbound preserver
 19020 | D:13     | Reached skill level 10 in Armour
 19026 | D:13     | Reached skill level 5 in Dodging
 19227 | D:13     | Noticed Urug
 19230 | D:13     | Killed Urug
 20009 | D:14     | Reached skill level 15 in Invocations
 20093 | D:14     | Reached skill level 10 in Evocations
 20412 | D:14     | Reached XP level 16. HP: 125/125 MP: 20/27
 21094 | D:15     | Entered Level 15 of the Dungeon
 21278 | D:15     | Found a staircase to the Depths.
 21829 | D:15     | Found a white marble altar of Elyvilon.
 22415 | Swamp:1  | Entered Level 1 of the Swamp
 23267 | Swamp:1  | Reached skill level 17 in Fighting
 24106 | Swamp:2  | Reached XP level 17. HP: 97/132 MP: 29/29
 24188 | Swamp:2  | Noticed Louise
 24197 | Swamp:2  | Killed Louise
 24814 | Swamp:2  | Found a runed translucent gate.
 24815 | Swamp:2  | Found a runed translucent gate.
 24816 | Swamp:2  | Found a runed translucent gate.
 24818 | Swamp:2  | Noticed tkbsonic5's ghost (adept DjWr)
 24979 | Swamp:3  | Noticed Aizul
 24983 | Swamp:3  | Killed Aizul
 25561 | Swamp:3  | Noticed a thorn hunter
 25567 | Swamp:3  | Killed a thorn hunter
 25678 | Swamp:3  | Found the +4 skin of Zhor {*Englaciate rC+++ SInv}
 25683 | Swamp:3  | Found a sparkling altar of Nemelex Xobeh.
 25700 | Swamp:3  | Gained mutation: Your movements are slightly less
                  | encumbered by armour. (ER -2) [potion of mutation]
 25700 | Swamp:3  | Gained mutation: You are weak. (Str -2) [potion of
                  | mutation]
 25700 | Swamp:3  | Gained mutation: Your flesh is cold resistant. (rC+)
                  | [potion of mutation]
 25701 | Swamp:3  | Lost mutation: Your movements are slightly less encumbered
                  | by armour. (ER -2) [potion of mutation]
 25701 | Swamp:3  | Lost mutation: You are weak. (Str -2) [potion of mutation]
 25701 | Swamp:3  | Lost mutation: Your flesh is cold resistant. (rC+) [potion
                  | of mutation]
 25701 | Swamp:3  | Gained mutation: Your system is resistant to poisons.
                  | (rPois) [potion of mutation]
 25701 | Swamp:3  | Gained mutation: You are weak. (Str -2) [potion of
                  | mutation]
 25701 | Swamp:3  | Gained mutation: You expend magic power (3 MP) to
                  | strengthen your wands. [potion of mutation]
 25958 | Swamp:4  | Entered Level 4 of the Swamp
 26018 | Swamp:4  | Found a runed translucent door.
 26018 | Swamp:4  | Identified the +3 mace "Gatuenaig" {venom, rPois rC- Str+2}
 26020 | Swamp:4  | Noticed cbfl8's ghost (adept MiBe)
 26355 | Swamp:4  | Noticed Nikola
 26360 | Swamp:4  | Killed Nikola
 26416 | Swamp:4  | Noticed Bai Suzhen
 26445 | Swamp:4  | Killed Bai Suzhen
 27089 | Swamp:4  | Killed cbfl8's ghost
 27094 | Swamp:4  | Identified the +8 shortbow "Orb Guardian's Regret" {freeze,
                  | rN++ Will+ Dex-4}
 27404 | Swamp:4  | Reached skill level 5 in Throwing
 27408 | Swamp:4  | Identified the -3 pair of boots of Ceosacytz {Slay+3}
 27485 | Swamp:4  | Got a decaying rune of Zot
 27628 | Spider:1 | Entered Level 1 of the Spider Nest
 27734 | Spider:1 | Reached skill level 1 in Axes
 27779 | Spider:1 | Reached XP level 18. HP: 80/140 MP: 22/30
 27783 | Spider:1 | Reached skill level 1 in Spellcasting
 27902 | Spider:1 | Reached skill level 10 in Bows
 28682 | Spider:2 | Found the +3 robe of Clouds {*Thunder rCloud rElec}
 29099 | Spider:2 | Identified the +7 chain mail of Qiysimoa {rN+}
 30147 | Spider:3 | Found a frozen archway.
 30157 | IceCv    | Entered an ice cave
 30207 | IceCv    | Reached skill level 18 in Fighting
 30471 | IceCv    | Noticed a golden dragon
 30492 | IceCv    | Killed a golden dragon
 30767 | IceCv    | Got the Catalogue of Ice
 30768 | IceCv    | Identified the +2 hat of the Meadowlark {rC+++ Str-5
                  | Slay+3}
 30776 | IceCv    | Identified the ring of the Middle {rF+ Int+4 Dex+2}
 30780 | IceCv    | Identified the ring "Rukhloqosk" {rC+ Int+4}
 31698 | Spider:4 | Entered Level 4 of the Spider Nest
 32717 | Spider:4 | Reached XP level 19. HP: 95/147 MP: 31/31
 32903 | Spider:4 | Got a gossamer rune of Zot
 32948 | Spider:4 | Reached skill level 5 in Axes
 33231 | Orc:1    | Entered Level 1 of the Orcish Mines
 33231 | Orc:1    | Found Bucsurua's General Store.
 33259 | Orc:1    | Bought a potion of flight for 36 gold pieces
 33457 | Orc:2    | Entered Level 2 of the Orcish Mines
 34010 | Orc:2    | Found a staircase to the Elven Halls.
 34272 | Orc:2    | Found Fomogynk's Antique Armour Shop.
 34583 | Orc:2    | Found Jij Sur's Antique Armour Shoppe.
 34914 | Orc:2    | Found Taqieheg's Antique Armour Boutique.
 34923 | Orc:2    | Bought a pair of embroidered gloves for 150 gold pieces
 34929 | Orc:2    | Found Alasek's Book Shop.
 35364 | Elf:1    | Entered Level 1 of the Elven Halls
 36591 | Elf:1    | Found Qeameolia's Magic Scroll Emporium.
 36593 | Elf:1    | Found Pigraevu's General Store.
 36598 | Elf:1    | Found Siam's Armour Emporium.
 36602 | Elf:1    | Bought a scroll of enchant weapon for 142 gold pieces
 36602 | Elf:1    | Bought a scroll of brand weapon for 380 gold pieces
 36602 | Elf:1    | Bought a scroll of enchant weapon for 142 gold pieces
 36602 | Elf:1    | Bought a scroll of teleportation for 57 gold pieces
 36602 | Elf:1    | Bought a scroll of summoning for 180 gold pieces
 36602 | Elf:1    | Bought a scroll of fear for 66 gold pieces
 36614 | Elf:1    | Bought a scroll of summoning for 171 gold pieces
 36862 | Elf:2    | Reached skill level 19 in Fighting
 36990 | Elf:2    | Found a runed translucent gate.
 36991 | Elf:2    | Found a runed translucent gate.
 36993 | Elf:2    | Found a runed translucent gate.
 37079 | Elf:2    | Reached XP level 20. HP: 149/156 MP: 32/32
 37619 | Elf:2    | Noticed Azrael
 37624 | Elf:2    | Killed Azrael
 38437 | Slime:1  | Entered Level 1 of the Pits of Slime
 40379 | Slime:3  | Noticed Dissolution
 40424 | Slime:2  | Killed Dissolution
 41022 | Slime:5  | Entered Level 5 of the Pits of Slime
 41193 | Slime:5  | Reached XP level 21. HP: 125/162 MP: 34/34
 41271 | Slime:5  | Noticed the Royal Jelly
 41291 | Slime:4  | HP: 4/162 [acid (5)]
 44420 | Slime:5  | Found a viscous altar of Jiyva.
 46656 | Elf:1    | Bought a scroll of torment for 142 gold pieces
 47721 | Slime:5  | Mangled by a rockslime

Illustrated notes

Levels and vault maps discovered:
D:1:      wander_arrival_fairy_ring, layout_basic, chequers_serial_rivers_room_a
D:2:      layout_loops_ring, shapermc_ecumenical_altar_venn, uniq_natasha
D:3:      layout_loops_ring, mainiacjoe_overflow_chevrons,
          gammafunk_ghost_arena, hangedman_glass_teeth
D:4:      layout_basic, nicolae_hepliaklqana_monster_ancestors,
          due_unseen_surprise
D:5:      layout_basic, lemuel_doored_altar, overflow_temple_1_default,
          amethyst_overflow_temple_binary, minmay_manual_mess, uniq_ijyb,
          uniq_edmund, uniq_sigmund, uniq_menkaure
D:6:      layout_layer_cave, minmay_temple_entry_hall
D:7:      layout_basic, nicolae_wu_jian_immortal_techniques
D:8:      layout_rooms, lightli_temple_of_fire, minmay_lair_entry_grove,
          serial_shops, shop
D:9:      layout_cave_pools, grunt_decor_clamped
D:10:     minmay_diamond_stairs, layout_basic
D:11:     layout_gridville, serial_shops, kennysheep_mini_moat
D:12:     layout_loops_corners, lightli_corner_chamber
D:13:     layout_rooms, skrybe_vaults_entry_preservation, fountainhead,
          hangedman_parallel_progression, uniq_kirke, uniq_urug, uniq_erolcha
D:14:     layout_basic, nicolae_wwwww, minmay_pinched_square
D:15:     grunt_enter_depths_snipers, layout_long_grid, elyvilon_altar_5
Lair:1:   layout_loops_ring, nicolae_volcano_entry_hallway, st_stairs_7
Lair:2:   layout_loops_ring, infiniplex_staircase_pool, uniq_maggie
Lair:3:   layout_hall_layers
Lair:4:   layout_loops_ring, minmay_swamp_entry_worms, spider_nest_entry_webs,
          lemuel_old_faithful, grunt_megastairs_3
Lair:5:   layout_regular_city
Lair:6:   guppyfry_lair_end_dragon, layout_gridlike, wormcave,
          minmay_slime_entry_pillars
Swamp:1:  layout_falls_marsh, evilmike_swamp_ruin_house_2,
          nicolae_swamp_treefoil, swamp_pool1, nicolae_swamp_well_well_well
Swamp:2:  nicolae_swamp_tree_isthmus, layout_falls_marsh,
          gammafunk_ghost_necromancy, nicolae_swamp_triple_paths, swamp_pool1,
          uniq_louise
Swamp:3:  layout_basic_swamp, evilmike_swamp_ruin_rubble_2, swamp_pool3,
          lemuel_altar_in_water, cheibrodos_swamp_pet_leeches, uniq_aizul
Swamp:4:  swamp_icy, layout_basic_swamp, gammafunk_ghost_grave, uniq_bai_suzhen,
          uniq_nikola
Spider:1: layout_spider_delve, drop_trap
Spider:2: layout_spider_delve
Spider:3: layout_spider_delve, portal_ice_cave_entry_pillars_four,
          spiders_nest_ghost_moth_duel
Spider:4: spider_rune_water, nicolae_spider_orb_run
Slime:1:  layout_caves
Slime:2:  layout_caves
Slime:3:  layout_caves, dissolution_awaits
Slime:4:  layout_caves
Slime:5
Orc:1:    layout_caves, serial_shops, shop
Orc:2:    pubby_orc_utopia, serial_shops
Elf:1:    nicolae_elf_arrival_fired_up, layout_geoelf_grid,
          hangedman_elven_crosses_minicolossus, item_on_display_a,
          minmay_shop_star
Elf:2:    elven_hall_of_blades_hangedman_original [mumra_blade_entry_bloodbath],
          layout_onion_city, uniq_azrael

Skill      XL: |  1  2  3  4  5  6  7  8  9 10 11 12 13 14 15 16 17 18 19 20 21 |
---------------+----------------------------------------------------------------+-----
Shields        | 4 5 6 7 8 9 10 11 12 13 14 | 14.3
Staves         | 3 4 5 6 7 8 9 10 11 12 13 | 13.7
Fighting       | 4 5 6 7 9 10 12 13 14 15 16 17 18 19 | 19.6
Armour         | 4 5 6 7 8 9 10 11 12 13 | 13.2
Invocations    | 1 5 7 9 10 12 14 15 16 17 18 | 18.5
Slings         | 3 4 |  4.5
Evocations     | 2 3 4 6 7 9 10 11 12 13 | 13.3
Bows           | 2 4 5 6 7 8 9 10 11 12 | 12.5
Dodging        | 2 3 4 5 6 7 8 |  8.2
Throwing       | 2 4 5 |  5.9
Axes           | 1 4 6 |  6.5
Spellcasting   | 1 |  1.2

Action                   |  1- 3 |  4- 6 |  7- 9 | 10-12 | 13-15 | 16-18 | 19-21 || total
-------------------------+-------+-------+-------+-------+-------+-------+-------++-------
Melee: Quarterstaff      |    83 |    55 |       |     7 |    85 |   111 |    21 ||   362
       Lajatang          |       |   107 |   149 |   187 |   192 |   206 |   230 ||  1071
       Hand axe          |       |       |       |       |       |   115 |       ||   115
       War axe           |       |       |       |       |       |       |    11 ||    11
 Fire: Hunting sling     |       |       |     7 |       |       |       |       ||     7
       Longbow           |       |       |       |   131 |   379 |   454 |   673 ||  1637
       Shortbow          |       |       |       |       |       |       |    42 ||    42
Throw: Dart              |     2 |     3 |     5 |       |    16 |    16 |     1 ||    43
       Boomerang         |       |       |       |       |     2 |       |       ||     2
       Javelin           |       |       |       |       |       |    17 |    11 ||    28
Invok: Recall Ancestor   |       |       |     1 |       |     5 |       |     3 ||     9
       Ancestor Identity |       |       |       |     2 |       |       |       ||     2
       Ancestor Life: Ba |       |       |       |     1 |       |       |       ||     1
       Idealise          |       |       |       |       |     6 |    21 |     6 ||    33
       Transference      |       |       |       |       |       |       |     1 ||     1
Evoke: Wand              |       |       |    27 |    34 |    12 |    30 |    33 ||   136
       Box of beasts     |       |       |       |       |     2 |     5 |       ||     7
       Phantom mirror    |       |       |       |       |       |     5 |     2 ||     7
       Tin of tremorston |       |       |       |       |       |     1 |       ||     1
  Use: Scroll            |     4 |     3 |     8 |     7 |    18 |     6 |     6 ||    52
       Potion            |       |     3 |       |     5 |     6 |     9 |     7 ||    30
 Stab: Paralysed         |       |       |       |     5 |       |       |       ||     5
       Distracted        |       |       |       |     1 |    10 |     5 |     1 ||    17
       Invisible         |       |       |       |     3 |     3 |     8 |     1 ||    15
Armor: Scale mail        |    25 |       |       |       |       |       |       ||    25
       Crystal plate arm |    12 |   124 |    74 |   129 |   141 |   365 |   324 ||  1169
       Skin              |       |       |       |    19 |       |       |       ||    19
Dodge: Dodged            |    22 |     9 |    15 |    54 |    94 |   262 |   147 ||   603
Block: Buckler           |    11 |    24 |    39 |   124 |   138 |       |       ||   336
       Reflection        |       |       |     1 |     4 |    14 |    29 |    43 ||    91
       Kite shield       |       |       |       |       |    21 |   562 |   466 ||  1049
